Map: Site Delta LE

Players

Khamsin - Winner!

  • Race: Protoss Protoss
  • Spawn Location: 5:00

I.A. 1 (Difficilissima)

  • Race: Protoss Protoss
  • Spawn Location: 11:00

VOD

Have the link to the VOD?

Description

Time

  • Played on: Sept. 19, 2026, 9:32 a.m.
  • Length: 15:11
Show
View Real Time Build Order
Export as new Build Order

Khamsin Protoss - Winner!

Build Orders:  

Get SALT Encoding   

  8  0:00  Probe (Chrono Boost)  
  9  0:12  Probe (Chrono Boost)  
  10  0:17  Probe  
  11  0:30  Probe  
  12  0:42  Probe  
  13  0:44  Pylon  
  13  1:02  Probe  
  14  1:12  Gateway  
  14  1:14  Probe  
  15  1:26  Probe  
  15  1:28  Assimilator  
  16  1:38  Probe  
  17  1:50  Probe  
  18  2:02  Probe  
  19  2:13  Nexus  
  19  2:19  Pylon  
  19  2:22  Cybernetics Core  
  19  2:30  Probe (Chrono Boost)  
  20  2:41  Probe (Chrono Boost)  
  21  2:45  Probe (Chrono Boost)  
  22  2:55  Warp Gate  
  22  2:56  Probe (Chrono Boost)  
  23  3:03  Stalker  
  26  3:05  Probe (Chrono Boost)  
  26  3:14  Pylon  
  26  3:19  Pylon  
  26  3:30  Stalker  
  26  3:31  Probe  
  29  3:43  Probe  
  30  3:55  Probe, Shield Battery  
  31  3:57  Stalker  
  33  4:03  Robotics Facility  
  33  4:09  Probe (Chrono Boost)  
  34  4:11  Assimilator  
  34  4:14  Probe (Chrono Boost)  
  37  4:24  Probe (Chrono Boost)  
  37  4:25  Probe (Chrono Boost)  
  37  4:29  Probe (Chrono Boost)  
  38  4:31  Probe  
  38  4:32  Gateway  
  38  4:33  Gateway  
  39  4:43  Probe  
  40  4:50  Nexus  
  40  4:51  Immortal  
  44  4:55  Probe  
  44  4:59  Pylon  
  45  5:02  Pylon  
  45  5:08  Probe  
  45  5:10  Stalker  
  48  5:20  Probe  
  49  5:29  Stalker  
  49  5:31  Zealot  
  53  5:36  Immortal  
  57  5:47  Pylon  
  57  5:50  Pylon  
  57  5:57  Probe  
  57  5:58  Assimilator  
  57  6:03  Probe  
  59  6:10  Probe  
  60  6:15  Probe  
  60  6:16  Forge  
  60  6:17  Forge  
  61  6:20  Twilight Council  
  61  6:22  Probe  
  61  6:24  Gateway  
  62  6:26  Gateway  
  62  6:27  Probe  
  63  6:34  Stalker x2, Probe  
  63  6:35  Zealot  
  63  6:39  Probe  
  71  6:46  Probe  
  72  6:51  Probe  
  73  7:02  Protoss Ground Weapons Level 1, Protoss Ground Armor Level 1  
  73  7:04  Probe  
  73  7:05  Charge  
  74  7:09  Zealot  
  74  7:10  Zealot  
  74  7:11  Zealot  
  80  7:16  Probe  
  81  7:28  Probe  
  82  7:32  Robotics Bay  
  82  7:38  Stalker  
  82  7:41  Assimilator  
  82  7:42  Probe (Chrono Boost)  
  86  7:52  Assimilator, Probe (Chrono Boost)  
  86  7:55  Assimilator  
  86  7:57  Stalker, Probe (Chrono Boost), Zealot x2  
  86  7:58  Zealot  
  94  8:00  Immortal  
  99  8:08  Probe  
  100  8:17  Pylon  
  100  8:19  Pylon  
  100  8:20  Probe  
  100  8:22  Pylon  
  101  8:29  Zealot  
  103  8:35  Probe  
  103  8:36  Zealot  
  103  8:37  Zealot x2  
  103  8:38  Zealot  
  112  8:44  Colossus  
  112  8:47  Probe  
  119  8:54  Extended Thermal Lance  
  119  8:59  Probe  
  121  9:02  Probe  
  121  9:03  Protoss Shields Level 1  
  121  9:12  Probe  
  121  9:15  Probe  
  123  9:18  Pylon  
  123  9:21  Pylon  
  123  9:22  Zealot  
  123  9:23  Zealot  
  127  9:24  Pylon  
  127  9:36  Probe  
  127  9:37  Zealot x2  
  127  9:38  Zealot, Colossus  
  140  9:48  Probe  
  135  9:56  Stalker  
  135  9:57  Zealot  
  125  10:00  Probe  
  108  10:12  Probe  
  107  10:23  Stalker  
  107  10:24  Stalker, Zealot x2, Probe  
  107  10:25  Zealot  
  118  10:32  Colossus  
  124  10:36  Probe  
  124  10:40  Pylon  
  124  10:42  Pylon  
  125  10:44  Pylon  
  125  10:49  Robotics Facility  
  125  10:50  Robotics Facility  
  125  10:53  Gateway  
  125  10:54  Gateway  
  125  11:06  Nexus  
  125  11:26  Immortal  
  129  11:44  Immortal x2  
  137  11:49  Stalker  
  137  11:50  Zealot x2  
  137  11:51  Zealot x3  
  137  11:52  Zealot  
  151  12:05  Immortal  
  155  12:22  Zealot  
  157  12:23  Colossus, Zealot x2, Immortal  
  157  12:24  Zealot  
  157  12:25  Zealot x2, Pylon  
  157  12:26  Zealot  
  157  12:28  Pylon  
  179  12:43  Gateway  
  179  12:44  Gateway, Immortal  
  179  12:47  Gateway  
  183  12:54  Stalker  
  183  12:55  Stalker x2  
  183  12:56  Stalker x2  
  183  12:57  Stalker x2  
  197  13:03  Probe  
  198  13:24  Immortal  
  190  13:30  Stalker x2  
  190  13:31  Stalker, Zealot x2  
  190  13:32  Zealot x2  
  176  13:43  Colossus x2  
  186  13:59  Stalker  
  186  14:00  Zealot x3  
  186  14:01  Zealot x2  
  186  14:02  Zealot  
Show
View Real Time Build Order
Export as new Build Order

I.A. 1 (Difficilissima) Protoss 

Build Orders: Zealot Archon 

Get SALT Encoding   

  8  0:00  Probe  
  9  0:13  Probe  
  10  0:25  Probe  
  11  0:37  Probe  
  12  0:48  Pylon  
  12  0:49  Probe  
  13  1:02  Probe  
  13  1:10  Gateway, Probe  
  15  1:19  Assimilator  
  15  1:20  Probe  
  16  1:32  Probe  
  17  1:33  Pylon  
  17  1:44  Probe  
  18  1:56  Probe  
  18  1:59  Cybernetics Core  
  19  2:01  Zealot  
  19  2:04  Probe  
  22  2:12  Probe  
  22  2:16  Gateway  
  23  2:23  Probe  
  23  2:27  Pylon  
  24  2:35  Zealot, Probe  
  27  2:42  Warp Gate  
  27  2:47  Probe  
  28  2:59  Probe  
  28  3:01  Adept  
  28  3:02  Adept  
  33  3:08  Gateway  
  33  3:18  Gateway  
  33  3:34  Stalker  
  33  3:35  Stalker, Pylon  
  37  3:43  Assimilator  
  37  3:46  Probe  
  37  3:54  Adept  
  39  3:56  Adept  
  39  3:58  Probe  
  39  4:01  Adept  
  44  4:10  Probe  
  44  4:13  Pylon  
  45  4:31  Adept  
  47  4:32  Adept  
  47  4:34  Adept  
  51  4:40  Adept  
  53  4:48  Pylon  
  53  5:06  Adept, Stalker x2  
  59  5:12  Zealot  
  61  5:18  Pylon  
  61  5:32  Robotics Facility  
  61  5:36  Zealot  
  61  5:37  Adept  
  61  5:42  Adept  
  67  5:52  Twilight Council  
  67  6:13  Pylon  
  67  6:29  Templar Archives  
  67  6:38  Pylon  
  67  6:50  Nexus  
  67  7:07  High Templar  
  69  7:11  High Templar  
  69  7:15  Archon  
  71  7:37  High Templar  
  73  7:44  Forge  
  73  7:53  Forge  
  73  8:01  Probe  
  73  8:02  Probe  
  75  8:08  High Templar  
  75  8:11  Assimilator  
  77  8:13  Probe  
  77  8:14  Probe  
  77  8:15  Assimilator  
  77  8:17  Archon  
  79  8:22  Probe  
  79  8:26  Pylon  
  79  8:27  Probe  
  81  8:30  Probe  
  81  8:35  High Templar  
  81  8:39  Probe  
  81  8:40  Probe  
  85  8:47  Photon Cannon  
  86  8:51  Probe  
  86  8:52  Pylon, Probe  
  86  8:53  High Templar  
  90  9:02  Archon, Sentry  
  92  9:03  Probe  
  92  9:04  Probe  
  94  9:12  Photon Cannon  
  94  9:15  Probe  
  94  9:16  Probe  
  96  9:17  High Templar  
  96  9:22  Pylon  
  98  9:27  Photon Cannon, Probe  
  98  9:28  Probe  
  98  9:31  High Templar  
  102  9:37  Observer  
  103  9:39  Probe  
  103  9:42  Stalker  
  106  9:48  Stalker, Zealot  
  106  9:52  Pylon  
  106  9:58  Nexus  
  88  10:04  Zealot  
  88  10:06  Stalker  
  74  10:08  Zealot  
  74  10:10  Sentry  
  62  10:25  Stalker  
  62  10:26  High Templar  
  66  10:30  Stalker  
  66  10:31  Zealot  
  66  10:34  Archon  
  70  10:45  Stalker  
  70  10:47  Adept  
  74  10:53  Zealot  
  76  11:01  Adept  
  78  11:05  High Templar  
  78  11:07  High Templar  
  82  11:12  Probe x3  
  82  11:15  Zealot  
  82  11:18  Archon  
  87  11:20  Assimilator  
  87  11:23  Assimilator, Stalker  
  87  11:24  Probe  
  90  11:26  Probe x2  
  90  11:30  Sentry  
  90  11:32  High Templar  
  95  11:35  Probe  
  95  11:36  Probe  
  95  11:38  Probe  
  98  11:44  High Templar, Probe  
  100  11:48  Stalker, Probe  
  100  11:50  Probe  
  100  11:51  Archon  
  100  11:53  Stalker  
  107  11:56  Probe  
  107  12:00  Probe  
  109  12:02  Probe  
  109  12:07  High Templar  
  109  12:08  Probe  
  113  12:09  Probe  
  113  12:11  High Templar  
  113  12:14  Probe  
  117  12:17  Probe, Immortal  
  117  12:19  Pylon  
  117  12:20  Probe  
  117  12:21  Archon  
  123  12:26  Probe x2  
  123  12:27  High Templar  
  127  12:32  Probe  
  127  12:36  High Templar  
  130  12:38  Probe  
  131  12:44  Photon Cannon  
  131  12:46  Pylon  
  131  12:47  Archon  
  131  12:48  Pylon  
  131  12:50  Immortal  
  131  12:56  High Templar  
  131  12:58  Gateway  
  137  13:03  High Templar  
  139  13:10  Photon Cannon  
  139  13:11  Photon Cannon  
  139  13:13  Archon  
  139  13:14  High Templar  
  139  13:19  Pylon, Zealot  
  143  13:22  Photon Cannon  
  143  13:25  Immortal  
  129  13:31  High Templar  
  129  13:33  Photon Cannon  
  115  13:38  Stalker  
  85  13:41  Adept  
  77  13:49  Zealot x2  
  77  13:55  High Templar  
  82  13:57  Immortal  
  77  14:03  High Templar  
  77  14:06  Stalker  
  81  14:11  Archon, Probe x2, Zealot x2  
  69  14:23  Probe x2  
  65  14:25  Zealot  
  65  14:28  Zealot  
  65  14:29  Pylon  
  69  14:33  Adept, Zealot  
  69  14:35  Probe, Nexus  
  69  14:38  Stalker  
  69  14:41  Assimilator  
  48  14:47  Assimilator, Zealot, Probe  
  48  14:50  Zealot  
  39  14:55  High Templar  
  39  14:56  Zealot  
  39  14:59  Probe  
  27  15:00  Pylon, Zealot  
Tags
 
Composition
Zealot Archon
Matchup
PvP
Spawn Locations
Cross Positions
Add a new tag
Caveats
  • Supply blocks, unpowered buildings, or Contaminate may cause inaccurate times.
  • Supply counts are checked every 10 seconds.